 Dungeon Crawl Stone Soup version 0.28-a0-1347-g113dc556a4 (webtiles) character file.

Game seed: 16961149417414941895

107 Shayle the Sneak (level 4, -12/39 HPs)
             Began as a Naga Warper on Dec 30, 2021.
             Killed by nerve-wracking pain
             ... invoked by an orc priest
              (13 damage)
             ... on level 2 of the Dungeon.
             The game lasted 00:06:19 (2338 turns).

Shayle the Sneak (Naga Warper)                      Turns: 2338, Time: 00:06:20

Health: -12/39     AC:  3    Str: 14    XL:     4   Next: 86%
Magic:  7/7        EV:  9    Int: 13    God:
Gold:   87         SH:  0    Dex: 12    Spells: 7/7 levels left

rFire   . . .      SeeInvis +   d - +3 whip (venom)
rCold   . . .      Faith    .   (no shield)
rNeg    . . .      Spirit   .   b - +1 leather armour
rPois   +          Reflect  .   (no helmet)
rElec   .          Harm     .   (no cloak)
rCorr   .          Rampage  .   (no gloves)
Will    .....                   (no barding)
Stlth   +++.......              f - amulet of the acrobat
HPRegen 0.13/turn               (no ring)
MPRegen 0.10/turn               (no ring)

@: short of breath, very slow
A: AC +1, large, see invisible, deformed body, poison resistance, slowness 2,
spit poison 1, naga tail 1
a: Spit Poison


You were on level 2 of the Dungeon.
You visited 1 branch of the dungeon, and saw 2 of its levels.

You collected 87 gold pieces.

Inventory:

Hand Weapons
 a - a +0 short sword
 d - a +3 whip of venom (weapon)
Armour
 b - a +1 leather armour (worn)
 e - the +2 helmet of the Four Xenophobes {*Slow rC+++ Regen+ Str-3}
   (You took it off Robin on level 1 of the Dungeon)

   Str:       It affects your strength (-3).
   rC:        It renders you almost immune to cold.
   Regen:     It increases your rate of health regeneration.
   *Slow:     It may slow you when you take damage.
Jewellery
 c - the ring "Wadec" {rPois rCorr Str-4 Int+7}
   (You found it on level 2 of the Dungeon)

   [ring of poison resistance]

   Str:       It affects your strength (-4).
   Int:       It affects your intelligence (+7).
   rPois:     It protects you from poison.
   rCorr:     It protects you from acid and corrosion.
 f - an amulet of the acrobat (around neck)
Scrolls
 h - a scroll of noise
 i - 2 scrolls of amnesia
Potions
 g - a potion of haste {unknown}
 k - a potion of curing


   Skills:
 - Level 2.0 Fighting
 - Level 2.0 Short Blades
 - Level 0.8 Throwing
 - Level 0.7 Armour
 - Level 1.5 Dodging
 + Level 6.9 Stealth
 - Level 2.0 Spellcasting
 - Level 3.0 Translocations


You had 7 spell levels left.
You didn't know any spells.
Your spell library contained the following spells:

 Spells                   Type           Power      Damage    Failure   Level
 Blink                    Tloc           18%        N/A       14%         2
 Gell's Gravitas          Tloc           9%         N/A       28%         3
 Lesser Beckoning         Tloc           9%         N/A       28%         3
 Teleport Other           Tloc           9%         N/A       28%         3
 Manifold Assault         Tloc           9%         N/A       95%         5


Dungeon Overview and Level Annotations

Branches:
Dungeon (2/15)

Altars:

Shops:
D:2 [


Innate Abilities, Weirdness & Mutations

Your serpentine skin is tough. (AC +1)
You have supernaturally acute eyesight. (SInv)
Armour fits poorly on your strangely shaped body.
Your system is resistant to poisons. (rPois)
You cover ground very slowly.
You can spit poison.
You have a snake-like lower body.


Message History

The orc priest hits you with a +0 mace.
You closely miss the orc priest.
The bat zombie hits you but does no damage.
The bat zombie hits you. The bat zombie barely misses you.
You barely miss the bat zombie.
The bat zombie hits you but does no damage.
The bat zombie hits you.
The orc priest mumbles some strange prayers to Beogh against you.
Beogh smites you! The bat zombie hits you.
Unknown command.
You whack the bat zombie!
You destroy the bat zombie!
The orc closely misses you.
The orc priest mumbles some strange prayers to Beogh against you.
Beogh smites you!
* * * LOW HITPOINT WARNING * * *
The orc priest begins to cast a cantrip, but forgets the words!
The orc completely misses you.
You barely miss the orc. The orc hits you with a +0 mace.
* * * LOW HITPOINT WARNING * * *
As you read the scroll labelled UMNAEJA DOEDE, it crumbles to dust.
It is a scroll of amnesia.
You feel forgetful for a moment. The orc barely misses you.
As you read the scroll labelled PYXZEVO BIUDIPP, it crumbles to dust.
You hear a loud clanging noise!
It was a scroll of noise.
You hear a shout!
As you read the scroll labelled DISHEFR FYEREV, it crumbles to dust.
It is a scroll of enchant armour.
Your +0 leather armour glows green for a moment.
The orc hits you with a +0 mace.
* * * LOW HITPOINT WARNING * * *
Aiming: Spit Poison (1% risk of failure)
Press: ? - help, Shift-Dir - straight line, f - orc priest
Aim: an orc priest, wielding a +0 mace and wearing a +0 leather armour The splash of poison hits the orc priest but does no damage.
The orc closely misses you.
The orc priest invokes the aid of Beogh against you.
Pain shoots through your body!
You die...

#.########. ##
#.............
#..######...#.
#.........#.#.##
##..<........P.8#
##...8######.....#
.....8...# #P8..###
#..[.÷.#.####...oo.#
#.....##........@#Z#
#.#..###.####.##.#o#
#.##.###.## #


#o#Zo .......#..###..8....# ..##..÷...........P.# ..####.#..###.#P..P##
.[..##.#..# #.8P.# .##.##.#..# .#$...# .##.##.#..#.#..# You could see an orc
priest and 2 orcs.

Vanquished Creatures
  A scorpion zombie (D:2)
  Robin (D:1)
  An adder (D:2)
  A worm (D:2)
  8 bats
  A bat zombie (D:2)
  2 endoplasms
  2 giant cockroaches
  17 goblins
  4 hobgoblins
  2 quokkas (D:1)
  8 ball pythons
  2 ball python zombies (D:2)
  2 frilled lizards (D:1)
  A giant cockroach zombie (D:2)
  2 kobolds
  A quokka skeleton (D:2)
  4 rats
60 creatures vanquished.

Vanquished Creatures (others)
  A withered plant (D:2)
1 creature vanquished.

Grand Total: 61 creatures vanquished

Notes
Turn   | Place    | Note
-------+----------+-------------------------------------------
     0 | D:1      | Shayle the Naga Warper began the quest for the Orb.
     0 | D:1      | Reached XP level 1. HP: 19/19 MP: 3/3
    38 | D:1      | Reached skill level 1 in Stealth
   136 | D:1      | Reached skill level 2 in Stealth
   226 | D:1      | Reached XP level 2. HP: 26/26 MP: 5/5
   231 | D:1      | Reached skill level 3 in Stealth
   543 | D:1      | Reached skill level 4 in Stealth
   751 | D:1      | Found a faded altar of an unknown god.
   813 | D:1      | Reached XP level 3. HP: 25/32 MP: 6/6
  1231 | D:2      | Identified the +2 helmet of the Four Xenophobes {*Slow
                  | rC+++ Regen+ Str-3}
  1231 | D:2      | Noticed Robin
  1244 | D:1      | Killed Robin
  1398 | D:2      | Found Zioharik's Armour Shoppe.
  1438 | D:2      | Reached skill level 5 in Stealth
  1458 | D:2      | Reached XP level 4. HP: 25/39 MP: 7/7
  1692 | D:2      | Reached skill level 6 in Stealth
  2201 | D:2      | Identified the ring "Wadec" {rPois rCorr Str-4 Int+7}
  2337 | D:2      | HP: 1/39 [orc (3)]
  2338 | D:2      | Killed from afar by an orc priest

Illustrated notes

Levels and vault maps discovered:
D:1:      zaba_arrival_water, layout_rooms,
          shapermc_ecumenical_altar_mp_vishouse,
          wander_ebering_terrifying_dragon_lair
D:2:      layout_loops_ring, serial_shops, nicolae_shop_hallway_stairs,
          serial_undead, serial_undead_b, serial_undead_c, serial_undead_e,
          serial_undead_c, serial_undead_d, serial_undead_a, basic_altar,
          uniq_robin

Skill      XL: |  1  2  3  4 |
---------------+-------------+-----
Stealth        | 2 4 5 6 |  6.9
Fighting       | |  2.0
Short Blades   | |  2.0
Throwing       | |  0.8
Armour         | |  0.7
Dodging        | |  1.5
Spellcasting   | |  2.0
Translocations | |  3.0

Action                   |  1- 3 |  4- 6 || total
-------------------------+-------+-------++-------
Melee: Short sword       |    55 |       ||    55
       Whip              |    26 |    59 ||    85
Throw: Boomerang         |     5 |       ||     5
 Abil: Spit Poison       |    17 |     5 ||    22
  Use: Scroll            |     1 |     4 ||     5
       Potion            |     1 |       ||     1
 Stab: Sleeping          |     2 |     3 ||     5
       Distracted        |       |     1 ||     1
Armor: Leather armour    |    14 |     6 ||    20
Dodge: Dodged            |    50 |    40 ||    90

Table legend: (Time is in decaauts)
 A = Elapsed time spent in this place.
 B = Non-inter-level travel time spent in this place.
 C = Inter-level travel time spent in this place.
 D = Time resting spent in this place.
 E = Time spent auto-exploring this place.
 F = Levels seen in this place.
 G = Mean time per level.
                   A        B        C        D        E       F      G
               +--------+--------+--------+--------+--------+-----+--------+
         Total |   2717 |   2681 |     36 |    353 |   1629 |   2 | 1358.5 |
       Dungeon |   2717 |   2681 |     36 |    353 |   1629 |   2 | 1358.5 |
               +--------+--------+--------+--------+--------+-----+--------+

Top non-repeatable levels by time:
     D:1: 1871 daAuts
     D:2: 845 daAuts
